BLB
WASHINGTON BATS @ SEATTLE PILOTS
03/30/2060
 
TOP OF THE 1ST
Washington Bats batting - Pitching for Seattle Pilots : RHP Cayden Wittmeyer
Pitching: RHP Cayden Wittmeyer
Batting: SHB Josiah White 0-0: Ball
1-0: Called Strike
1-1: Foul Ball, location: 2F
1-2: Fly out, F9 (Flyball, 8RM, EV 86.9 MPH)
Batting: SHB Detwon Ayala 0-0: Ball
1-0: Called Strike
1-1: Foul Ball, location: 2F
1-2: Foul Ball, location: 2F
1-2: Strikes out swinging
Batting: RHB Hayden Jones 0-0: Fly out, F7 (Flyball, 78S, EV 78.8 MPH)
Top of the 1st over - 0 runs, 0 hits, 0 errors, 0 left on base; Washington 0 - Seattle 0
BOTTOM OF THE 1ST
Seattle Pilots batting - Pitching for Washington Bats : RHP Collin Jackson
Pitching: RHP Collin Jackson
Batting: RHB Kynan Shaw 0-0: Ball
1-0: Called Strike
1-1: Ball
2-1: Fly out, F7 (Flyball, 7, EV 95.0 MPH)
Batting: RHB Beau Pruett 0-0: Ball
1-0: Ball
2-0: Called Strike
2-1: Foul Ball, location: 2F
2-2: Ball
3-2: Foul Ball, location: 2F
3-2: Ground out 5-3 (Groundball, 25, EV 84.4 MPH)
Batting: LHB Cade McCormick 0-0: Ball
1-0: Ground out 4-3 (Groundball, 4, EV 106.2 MPH)
Bottom of the 1st over - 0 runs, 0 hits, 0 errors, 0 left on base; Washington 0 - Seattle 0
TOP OF THE 2ND
Washington Bats batting - Pitching for Seattle Pilots : RHP Cayden Wittmeyer
Batting: RHB Parker Lee 0-0: Foul Ball, location: 2F
0-1: Ball
1-1: Foul Ball, location: 2F
1-2: Strikes out swinging
Batting: RHB Neall Rabah 0-0: Ball
1-0: Foul Ball, location: 2F
1-1: Ball
2-1: Foul Ball, location: 2F
2-2: Reaches on Catchers interference
Batting: RHB Zechariah Norkus 0-0: Ball
1-0: Called Strike
1-1: Called Strike
1-2: Fly out, F9 (Line Drive, 9S, EV 96.2 MPH)
Batting: RHB Owen Dooley 0-0: Ball
1-0: Called Strike
1-1: Ball
2-1: Foul Ball, location: 2F
2-2: Strikes out swinging
Top of the 2nd over - 0 runs, 0 hits, 1 error, 1 left on base; Washington 0 - Seattle 0
BOTTOM OF THE 2ND
Seattle Pilots batting - Pitching for Washington Bats : RHP Collin Jackson
Batting: LHB Ryan Carr 0-0: Ball
1-0: Ball
2-0: Fly out, F8 (Flyball, 8LD, EV 101.2 MPH)
Batting: RHB Allen Zuber 0-0: Called Strike
0-1: Called Strike
0-2: Ball
1-2: Strikes out looking
Batting: RHB Dalton Howland 0-0: Swinging Strike
0-1: Called Strike
0-2: Ball
1-2: SINGLE (Groundball, 56D, EV 101.2 MPH)
Batting: RHB Rice Mesyan 0-0: Ball
1-0: Called Strike
1-1: Ball
2-1: Ball
3-1: Foul Ball, location: 2F
3-2: Fly out, F7 (Line Drive, 7S, EV 96.2 MPH)
Bottom of the 2nd over - 0 runs, 1 hit, 0 errors, 1 left on base; Washington 0 - Seattle 0
TOP OF THE 3RD
Washington Bats batting - Pitching for Seattle Pilots : RHP Cayden Wittmeyer
Batting: LHB Evan Wilson 0-0: Ball
1-0: Fly out, F8 (Flyball, 8LM, EV 85.6 MPH)
Batting: RHB Sean McReynolds 0-0: Ball
1-0: Ball
2-0: Called Strike
2-1: Ball
3-1: SINGLE (Groundball, 56D, EV 100.0 MPH)
Batting: SHB Josiah White 0-0: Foul Ball, location: 2F
0-1: Foul Ball, location: 2F
0-2: Ball
1-2: Ball
2-2: Foul Ball, location: 2F
2-2: Strikes out swinging
Batting: SHB Detwon Ayala 0-0: Ball
1-0: Ball
2-0: Swinging Strike
2-1: Swinging Strike
2-2: Ball
3-2: Base on Balls
Sean McReynolds to second
Batting: RHB Hayden Jones 0-0: Foul Ball, location: 2F
0-1: Fielders Choice at 2nd, 6-4 (Groundball, 6, EV 95.0 MPH)
Top of the 3rd over - 0 runs, 1 hit, 0 errors, 2 left on base; Washington 0 - Seattle 0
BOTTOM OF THE 3RD
Seattle Pilots batting - Pitching for Washington Bats : RHP Collin Jackson
Batting: RHB Karviar Smallwood 0-0: Called Strike
0-1: Ball
1-1: Fly out, F8 (Flyball, 89S, EV 91.9 MPH)
Batting: RHB Cole Kleiner 0-0: Ball
1-0: Called Strike
1-1: Called Strike
1-2: Ball
2-2: Foul Ball, location: 2F
2-2: Foul Ball, location: 2F
2-2: Foul Ball, location: 2F
2-2: Foul Ball, location: 2F
2-2: Strikes out looking
Batting: RHB Kynan Shaw 0-0: Ball
1-0: Called Strike
1-1: Ball
2-1: Ball
3-1: Called Strike
3-2: SINGLE (Groundball, 6MD, EV 102.5 MPH)
Batting: RHB Beau Pruett 0-0: Called Strike
Kynan Shaw steals 2nd base
0-1: Ball
1-1: Foul Ball, location: 2F
1-2: Ball
2-2: Foul Ball, location: 2F
2-2: Ball
3-2: Fly out, F8 (Line Drive, 8RM, EV 97.5 MPH)
Bottom of the 3rd over - 0 runs, 1 hit, 0 errors, 1 left on base; Washington 0 - Seattle 0
TOP OF THE 4TH
Washington Bats batting - Pitching for Seattle Pilots : RHP Cayden Wittmeyer
Batting: RHB Parker Lee 0-0: Swinging Strike
0-1: Ball
1-1: Foul Ball, location: 2F
1-2: Foul Ball, location: 2F
1-2: Foul Ball, location: 2F
1-2: Foul Ball, location: 2F
1-2: Ball
2-2: Foul Ball, location: 2F
2-2: Strikes out swinging
Batting: RHB Neall Rabah 0-0: Swinging Strike
0-1: Ball
1-1: Ball
2-1: Foul Ball, location: 2F
2-2: Ball
3-2: Fly out, F9 (Flyball, 9S, EV 84.4 MPH)
Batting: RHB Zechariah Norkus 0-0: Ball
1-0: Ground out 1-3 (Groundball, 34S, EV 67.5 MPH)
Top of the 4th over - 0 runs, 0 hits, 0 errors, 0 left on base; Washington 0 - Seattle 0
BOTTOM OF THE 4TH
Seattle Pilots batting - Pitching for Washington Bats : RHP Collin Jackson
Batting: LHB Cade McCormick 0-0: Called Strike
0-1: Called Strike
0-2: Ball
1-2: Strikes out swinging
Batting: LHB Ryan Carr 0-0: Ball
1-0: Ball
2-0: Ball
3-0: Foul Ball, location: 2F
3-1: Called Strike
3-2: Foul Ball, location: 2F
3-2: Base on Balls
Batting: RHB Allen Zuber 0-0: Called Strike
0-1: Ball
1-1: Called Strike
1-2: Strikes out swinging
Batting: RHB Dalton Howland 0-0: Ball
1-0: Called Strike
1-1: Ball
2-1: Swinging Strike
2-2: Ball
3-2: Strikes out swinging
Bottom of the 4th over - 0 runs, 0 hits, 0 errors, 1 left on base; Washington 0 - Seattle 0
TOP OF THE 5TH
Washington Bats batting - Pitching for Seattle Pilots : RHP Cayden Wittmeyer
Pitching: LHP R.J. Gabriele
Batting: RHB Owen Dooley 0-0: Called Strike
0-1: Ball
1-1: Called Strike
1-2: Strikes out looking
Batting: LHB Evan Wilson 0-0: Called Strike
0-1: Foul Ball, location: 2F
0-2: Fly out, F8 (Flyball, 8LD, EV 108.1 MPH)
Batting: RHB Sean McReynolds 0-0: Foul Ball, location: 2F
0-1: Ball
1-1: Ball
2-1: Foul Ball, location: 2F
2-2: Ball
3-2: Foul Ball, location: 2F
3-2: Ground out 5-3 (Groundball, 56S, EV 83.8 MPH)
Top of the 5th over - 0 runs, 0 hits, 0 errors, 0 left on base; Washington 0 - Seattle 0
BOTTOM OF THE 5TH
Seattle Pilots batting - Pitching for Washington Bats : RHP Collin Jackson
Pitching: RHP Maverick Rioux
Now at 1B: Louis Hockney
Now in CF: Barrington Purbacaraka
Now in RF: Raymond Dixon
Batting: RHB Rice Mesyan 0-0: Ball
1-0: Swinging Strike
1-1: Foul Ball, location: 2F
1-2: Ball
2-2: Ball
3-2: Ground out 5-3 (Groundball, 56S, EV 88.1 MPH)
Batting: RHB Karviar Smallwood 0-0: SINGLE (Groundball, 6MD, EV 106.2 MPH)
Batting: RHB Cole Kleiner 0-0: Ball
1-0: Called Strike
1-1: Called Strike
1-2: Foul Ball, location: 2F
1-2: Ball
2-2: Strikes out swinging
Pinch Hitting: RHB Jovan Elerson 0-0: Ball
1-0: Ball
2-0: Fielders Choice at 2nd, 6-4 (Groundball, 6, EV 105.0 MPH)
Bottom of the 5th over - 0 runs, 1 hit, 0 errors, 1 left on base; Washington 0 - Seattle 0
TOP OF THE 6TH
Washington Bats batting - Pitching for Seattle Pilots : LHP R.J. Gabriele
Pitching: RHP Kris Hansen
Now at SS: Jovan Elerson
Batting: RHB Louis Hockney 0-0: Called Strike
0-1: Called Strike
0-2: Ball
1-2: Strikes out swinging, 2-3 out at first.
Pinch Hitting: RHB Ken Daly 0-0: Ball
1-0: Foul Ball, location: 2F
1-1: Ball
2-1: SINGLE (Groundball, 23, EV 68.1 MPH) (infield hit)
Batting: RHB Martin Robbins 0-0: Called Strike
0-1: Ball
1-1: Ball
2-1: Fly out, F7 (Flyball, 7, EV 91.2 MPH)
Batting: RHB Raymond Dixon 0-0: Called Strike
0-1: Swinging Strike
0-2: Strikes out swinging
Top of the 6th over - 0 runs, 1 hit, 0 errors, 1 left on base; Washington 0 - Seattle 0
BOTTOM OF THE 6TH
Seattle Pilots batting - Pitching for Washington Bats : RHP Maverick Rioux
Now at 1B: Ken Daly
Now at 2B: Owen Dooley
Now at 3B: Tommy Dupree
Now at SS: Jeremy Hollabaugh
Now in LF: Louis Hockney
Pinch Hitting: RHB Douglas Morrison 0-0: Ball
1-0: Ball
2-0: Ball
3-0: Called Strike
3-1: Foul Ball, location: 2F
3-2: SINGLE (Groundball, 34D, EV 108.1 MPH)
Pinch Hitting: LHB Joseph Brandon 0-0: Fielders Choice at 2nd, 6-4 (Groundball, 6, EV 82.5 MPH)
Pinch Hitting: RHB Erick Hartman 0-0: Grounds into double play, 4-6-3 (Groundball, 4, EV 100.0 MPH)
Bottom of the 6th over - 0 runs, 1 hit, 0 errors, 0 left on base; Washington 0 - Seattle 0
TOP OF THE 7TH
Washington Bats batting - Pitching for Seattle Pilots : RHP Kris Hansen
Now at 1B: Douglas Morrison
Now in LF: Erick Hartman
Now in RF: Joseph Brandon
Batting: RHB Jeremy Hollabaugh 0-0: Ball
1-0: Foul Ball, location: 2F
1-1: Swinging Strike
1-2: Strikes out swinging
Batting: RHB Tommy Dupree 0-0: Called Strike
0-1: Swinging Strike
0-2: Foul Ball, location: 2F
0-2: Strikes out swinging
Batting: RHB Owen Dooley 0-0: Called Strike
0-1: Ball
1-1: Called Strike
1-2: Foul Ball, location: 2F
1-2: Ball
2-2: SINGLE (Groundball, 25, EV 67.5 MPH) (infield hit)
Batting: RHB Barrington Purbacaraka 0-0: Called Strike
Owen Dooley steals 2nd base (no throw)
0-1: Swinging Strike
0-2: Strikes out swinging
Top of the 7th over - 0 runs, 1 hit, 0 errors, 1 left on base; Washington 0 - Seattle 0
BOTTOM OF THE 7TH
Seattle Pilots batting - Pitching for Washington Bats : RHP Maverick Rioux
Pitching: RHP Stanley Olson
Now at C: Andy Hugo
Batting: RHB Jerry Coleman 0-0: Called Strike
0-1: Foul Ball, location: 2F
0-2: Strikes out looking
Batting: RHB Dalton Howland 0-0: Ball
1-0: Swinging Strike
1-1: Swinging Strike
1-2: Strikes out swinging
Batting: RHB Rice Mesyan 0-0: Called Strike
0-1: Ball
1-1: Ball
2-1: Fly out, F8 (Flyball, 89S, EV 97.5 MPH)
Bottom of the 7th over - 0 runs, 0 hits, 0 errors, 0 left on base; Washington 0 - Seattle 0
TOP OF THE 8TH
Washington Bats batting - Pitching for Seattle Pilots : RHP Kris Hansen
Pitching: RHP Xavier Cook
Batting: RHB Andy Hugo 0-0: Called Strike
0-1: Called Strike
0-2: Ball
1-2: Strikes out swinging
Batting: RHB Louis Hockney 0-0: Ball
1-0: Called Strike
1-1: Swinging Strike
1-2: Foul Ball, location: 2F
1-2: Strikes out looking
Batting: RHB Ken Daly 0-0: SINGLE (Groundball, 6D, EV 103.8 MPH)
Batting: RHB Martin Robbins 0-0: Ball
1-0: Swinging Strike
1-1: Called Strike
1-2: Ball
2-2: Strikes out swinging wild pitch, reaches first!
Ken Daly to second
Batting: RHB Raymond Dixon 0-0: Called Strike
0-1: Swinging Strike
0-2: Ball
1-2: Foul Ball, location: 2F
1-2: Ball
2-2: Strikes out looking
Top of the 8th over - 0 runs, 1 hit, 0 errors, 2 left on base; Washington 0 - Seattle 0
BOTTOM OF THE 8TH
Seattle Pilots batting - Pitching for Washington Bats : RHP Stanley Olson
Pitching: RHP Job Odhieng
Batting: RHB Karviar Smallwood 0-0: Called Strike
0-1: Ball
1-1: Swinging Strike
1-2: Foul Ball, location: 2F
1-2: Strikes out looking
Pinch Hitting: LHB Damien Sidamon 0-0: Ball
1-0: Foul Ball, location: 2F
1-1: Called Strike
1-2: Strikes out looking
Batting: RHB Jovan Elerson 0-0: Ball
1-0: Called Strike
1-1: Ball
2-1: Foul Ball, location: 2F
2-2: Strikes out swinging
Bottom of the 8th over - 0 runs, 0 hits, 0 errors, 0 left on base; Washington 0 - Seattle 0
TOP OF THE 9TH
Washington Bats batting - Pitching for Seattle Pilots : RHP Xavier Cook
Pitching: RHP J.J. Ortega
Now at C: Damien Sidamon
Batting: RHB Jeremy Hollabaugh 0-0: Called Strike
0-1: Foul Ball, location: 2F
0-2: SOLO HOME RUN (Line Drive, 78XD, EV 106.9 MPH), Distance : 421 ft
Pinch Hitting: RHB Derek Engledow 0-0: Ground out 5-3 (Groundball, 56, EV 86.9 MPH)
Batting: RHB Owen Dooley 0-0: Ground out 5-3 (Groundball, 56, EV 87.5 MPH)
Batting: RHB Barrington Purbacaraka 0-0: Ball
1-0: Called Strike
1-1: Ground out 4-3 (Groundball, 4, EV 89.4 MPH)
Top of the 9th over - 1 run, 1 hit, 0 errors, 0 left on base; Washington 1 - Seattle 0
BOTTOM OF THE 9TH
Seattle Pilots batting - Pitching for Washington Bats : RHP Job Odhieng
Pitching: LHP Kyle Nicholas
Now at 3B: Logan Sparks
Now at SS: Jeremy Hollabaugh
Batting: RHB Douglas Morrison 0-0: Ground out 4-3 (Groundball, 34, EV 93.1 MPH)
Batting: LHB Joseph Brandon 0-0: Fly out, F3 (Popup, 3SF, EV 64.4 MPH)
Batting: RHB Erick Hartman 0-0: Called Strike
0-1: Ball
1-1: Ball
2-1: Foul Ball, location: 2F
2-2: Ground out 5-3 (Groundball, 5L, EV 101.2 MPH)
Bottom of the 9th over - 0 runs, 0 hits, 0 errors, 0 left on base; Washington 1 - Seattle 0
Wednesday, April 17th , 2024 - OOTP Baseball 23.10 Build 110